 Dungeon Crawl Stone Soup version 0.28.0-53-g5a82cb258f (webtiles) character file.

Game seed: 8710416207183020384

40 bnorton916 the Firebug (level 3, -7/19 HPs)
             Began as a Deep Elf Fire Elementalist on July 5, 2022.
             Mangled by Sigmund
             ... wielding a +2 scythe of flaming
              (15 damage)
             ... on level 2 of the Dungeon.
             The game lasted 00:00:55 (1147 turns).

bnorton916 the Firebug (Deep Elf Fire Elementalist) Turns: 1147, Time: 00:00:56

Health: -7/19      AC:  2    Str:  5    XL:     3   Next: 30%
Magic:  4/10       EV: 12    Int: 21    God:
Gold:   32         SH:  0    Dex: 15    Spells: 3/9 levels left

rFire   . . .      SeeInvis .   (no weapon)
rCold   . . .      Faith    .   (no shield)
rNeg    . . .      Spirit   .   a - +0 robe
rPois   .          Reflect  .   (no helmet)
rElec   .          Harm     .   (no cloak)
rCorr   .          Rampage  .   (no gloves)
Will    .....                   (no boots)
Stlth   ++........              (no amulet)
HPRegen 0.06/turn               (no ring)
MPRegen 0.12/turn               (no ring)

@: no status effects
A: no striking features
a: no special abilities


You were on level 2 of the Dungeon.
You visited 1 branch of the dungeon, and saw 2 of its levels.

You collected 32 gold pieces.

Inventory:

Missiles
 h - 3 stones
Armour
 a - a +0 robe (worn)
Scrolls
 d - a scroll of teleportation {unknown}
 j - a scroll of blinking {unknown}
Potions
 b - a potion of degeneration {unknown}
 c - a potion of ambrosia {unknown}
 e - a potion of berserk rage {unknown}
 f - a potion of mutation {unknown}
 g - 2 potions of lignification {unknown}
 i - a potion of haste {unknown}


   Skills:
 - Level 2.4 Dodging
 - Level 2.4 Stealth
 + Level 3.8 Spellcasting
 + Level 2.2 Conjurations
 + Level 3.9 Fire Magic


You had 3 spell levels left.
You knew the following spells:

 Your Spells              Type           Power      Damage    Failure   Level
a - Foxfire               Conj/Fire      64%        2x1d7     3%          1
b - Scorch                Fire           40%        2d7       3%          2
c - Conjure Flame         Conj/Fire      16%        6-21      11%         3

Your spell library contained the following spells:

 Spells                   Type           Power      Damage    Failure   Level
 Inner Flame              Hex/Fire       12%        N/A       16%         3
 Flame Wave               Conj/Fire      16%        2d6       34%         4


Dungeon Overview and Level Annotations

Branches:
Dungeon (1/15)

Altars:

Annotations:
D:2 Sigmund


Message History

You finish memorising.
Spell assigned to 'c'.
Casting: Foxfire (safe; 3% risk of failure)
Confirm with . or Enter, or press ? or * to list all spells.
The spell is extremely dangerous to miscast (11% risk of failure)!
Continue anyway?
The fire begins to smoulder!
The fire ignites!
What are your orders? t - Shout!
Orders for allies: a - Attack new target. r - Retreat! s - Stop attacking. g - Guard the area. f - Follow me.
Anything else - Cancel.
You shout for attention!
You hear a shout!
You hear an angry hiss.
Casting: Conjure Flame (extremely dangerous; 11% risk of failure)
Confirm with . or Enter, or press ? or * to list all spells.
You conjure some foxfire!
Sigmund points at you and mumbles some strange words.
The puff of flame hits you!
Ouch! That really hurt!
The foxfire hits Sigmund but does no damage.
Sigmund mumbles some strange words.
Sigmund flickers and vanishes!
Deactivating autopickup; reactivate with Ctrl-A.
Casting: Foxfire (safe; 3% risk of failure)
Confirm with . or Enter, or press ? or * to list all spells.
You conjure some foxfire!
The foxfire hits something!
The foxfire hits something. x2
Casting: Foxfire (safe; 3% risk of failure)
Confirm with . or Enter, or press ? or * to list all spells.
You conjure some foxfire!
The foxfire hits something.
The foxfire hits something but does no damage.
Casting: Foxfire (safe; 3% risk of failure)
Confirm with . or Enter, or press ? or * to list all spells.
You conjure some foxfire!
The foxfire hits something.
The foxfire hits something but does no damage.
Something hits you!
Ouch! That really hurt!
You die...

# ### ##. ..# ...## #.#
.# ##...##.### ### #.#
##......... ..
###.#####.......>. .#
.........>.......####.#
.....###........@....?#
#...............ยง####.#
#.#..#..........## .#
................# .#
#.#..#..........# .#
...#......##.#..# .#
###..#.#.###.#..# .#
#.......##.#..# .#
#.............#


There were no monsters in sight!

Vanquished Creatures
  A gnoll (D:1)
  A worm (D:2)
  A dart slug (D:1)
  4 endoplasms (D:1)
  5 giant cockroaches
  2 hobgoblins
  2 kobolds (D:2)
  3 quokkas (D:1)
  A bat (D:1)
  A frilled lizard (D:2)
  A rat (D:1)
22 creatures vanquished.

Vanquished Creatures (collateral kills)
  A foxfire (D:1)
1 creature vanquished.

Vanquished Creatures (others)
  127 foxfires
127 creatures vanquished.

Grand Total: 150 creatures vanquished

Notes
Turn   | Place    | Note
-------+----------+-------------------------------------------
     0 | D:1      | bnorton916 the Deep Elf Fire Elementalist began the quest
                  | for the Orb.
     0 | D:1      | Reached XP level 1. HP: 10/10 MP: 6/6
    41 | D:1      | Reached XP level 2. HP: 15/15 MP: 2/8
   713 | D:1      | You fall into a shaft and drop 1 floor!
   716 | D:2      | Reached XP level 3. HP: 19/19 MP: 8/10
  1124 | D:2      | Noticed Sigmund
  1131 | D:2      | Learned a level 2 spell: Scorch
  1135 | D:2      | Learned a level 3 spell: Conjure Flame
  1147 | D:2      | Mangled by Sigmund

Illustrated notes

Levels and vault maps discovered:
D:1:      evilmike_arrival_hilbert_curve, layout_loops_cross,
          nicolae_grassy_gnolls
D:2:      layout_loops_ring, minmay_misc_feat_five,
          amcnicky_mini_corridor_feature, pf_guarded_unrand_woodcutter,
          uniq_sigmund, uniq_jessica

Skill      XL: |  1  2 |
---------------+-------+-----
Conjurations   | 2 |  2.2
Dodging        | |  2.4
Stealth        | |  2.4
Spellcasting   | |  3.8
Fire Magic     | |  3.9

Action                   || total
-------------------------++-------
 Cast: Foxfire           ||    80
       Conjure Flame     ||     1
Armor: Robe              ||     4
Dodge: Dodged            ||     8
